Map: Pylon LE

Players

LigerMaNN

  • Race: Zerg Zerg
  • League: Diamond
  • Spawn Location: 11:00

A.I. 1 (Easy) - Winner!

  • Race: Protoss Protoss
  • Spawn Location: 5:00

VOD

Have the link to the VOD?

Description

Time

  • Played on: June 15, 2025, 12:01 a.m.
  • Length: 10:27
Show
View Real Time Build Order
Export as new Build Order

LigerMaNN Zerg 

Build Orders: Hatch First, Roach Hydra 

Get SALT Encoding   

  12  0:01  Drone  
  13  0:12  Overlord  
  13  0:16  Drone  
  14  0:30  Drone  
  14  0:31  Drone  
  16  0:47  Hatchery  
  15  0:51  Drone  
  15  0:54  Drone  
  17  0:58  Drone  
  18  1:10  Extractor  
  17  1:14  Spawning Pool  
  17  1:17  Drone  
  17  1:20  Drone  
  18  1:28  Drone  
  19  1:39  Drone  
  20  1:52  Overlord  
  20  2:00  Queen  
  20  2:01  Queen  
  24  2:02  Zergling x2  
  24  2:03  Zergling x2  
  26  2:11  Drone  
  26  2:12  Drone  
  28  2:17  Metabolic Boost  
  28  2:35  Hatchery  
  27  2:37  Drone x2  
  27  2:39  Drone  
  30  2:45  Overlord  
  30  2:47  Drone  
  30  2:49  Drone  
  32  2:58  Queen  
  32  3:01  Drone x2  
  36  3:07  Overlord  
  36  3:10  Overlord  
  36  3:17  Drone x3  
  36  3:18  Drone  
  40  3:24  Drone  
  41  3:28  Extractor  
  40  3:34  Queen  
  40  3:39  Drone x3  
  45  3:50  Queen  
  45  3:54  Drone x3  
  50  3:56  Drone x3  
  53  4:21  Queen  
  55  4:24  Lair  
  55  4:29  Hatchery, Evolution Chamber  
  55  4:31  Drone x3, Roach Warren  
  55  4:32  Drone  
  55  4:33  Drone x6  
  62  4:47  Drone x3, Extractor  
  62  4:48  Drone x3, Extractor  
  66  5:03  Zerg Missile Weapons Level 1  
  66  5:06  Overlord x3  
  66  5:07  Overlord  
  66  5:21  Glial Reconstitution  
  66  5:28  Queen  
  68  5:37  Roach x13  
  94  5:46  Roach x4  
  102  5:50  Overlord x3  
  102  6:10  Roach x7  
  112  6:23  Drone x9  
  121  6:30  Hydralisk Den  
  120  6:47  Drone x3, Extractor  
  120  6:48  Drone, Extractor  
  120  6:49  Drone x2  
  120  6:52  Spore Crawler  
  124  6:54  Drone x2  
  124  6:59  Roach  
  124  7:00  Overlord  
  124  7:01  Overlord x3  
  127  7:27  Zerg Missile Weapons Level 2  
  127  7:30  Grooved Spines  
  127  7:31  Hydralisk x2  
  127  7:32  Hydralisk x10  
  127  7:33  Hydralisk  
  127  7:35  Zergling x2  
  127  7:36  Zergling x8  
  158  7:43  Drone x2  
  160  7:45  Overlord  
  160  7:46  Overlord x4  
  160  8:20  Muscular Augments  
  160  8:22  Hydralisk  
  160  8:23  Hydralisk x15  
  187  8:56  Hydralisk x2  
  187  8:59  Overlord x3  
  187  9:01  Overseer  
  187  9:02  Overseer x2  
  191  9:08  Spore Crawler  
  191  9:09  Spine Crawler  
  189  9:59  Drone x11  
  200  10:03  Extractor x2  
Show
View Real Time Build Order
Export as new Build Order

A.I. 1 (Easy) Protoss - Winner!

Build Orders:  

Get SALT Encoding   

  12  0:00  Probe  
  13  0:13  Probe  
  14  0:20  Pylon  
  14  0:25  Probe  
  15  0:34  Probe  
  16  0:43  Assimilator  
  16  0:51  Gateway  
  16  0:54  Pylon  
  16  1:18  Assimilator  
  16  1:32  Zealot  
  16  1:41  Cybernetics Core  
  18  1:47  Probe  
  19  2:00  Probe  
  19  2:01  Pylon  
  20  2:08  Probe  
  21  2:17  Warp Gate, Probe  
  21  2:18  Adept  
  25  2:30  Probe  
  25  2:42  Probe  
  26  2:45  Adept  
  28  3:05  Stalker  
  30  4:10  Probe  
  30  5:32  Probe  
  30  5:36  Stalker  
  30  5:38  Pylon  
  30  5:40  Probe  
  33  5:45  Robotics Facility  
  33  5:56  Probe  
  34  5:59  Stalker  
  34  6:01  Pylon  
  36  6:08  Probe  
  29  6:21  Stalker  
  31  6:33  Observer  
  32  6:43  Nexus  
  32  6:44  Adept  
  34  6:51  Observer  
  35  7:06  Stalker  
  37  7:28  Sentry  
  39  7:50  Zealot  
  41  7:55  Probe  
  42  8:00  Probe  
  43  8:05  Assimilator  
  43  8:07  Assimilator  
  43  8:08  Probe  
  43  8:12  Probe  
  45  8:20  Probe  
  45  8:22  Probe  
  47  8:30  Probe  
  47  8:32  Probe  
  48  8:39  Probe  
  49  8:44  Probe  
  44  8:51  Probe  
  44  8:53  Probe  
  45  9:01  Probe  
  46  9:03  Probe  
  48  9:10  Probe  
  48  9:15  Probe  
  50  9:22  Probe  
  50  9:23  Adept  
  47  9:27  Probe  
  40  9:34  Probe  
  40  9:46  Probe  
  40  9:51  Pylon  
  29  9:59  Probe  
  28  10:00  Stalker  
  28  10:11  Probe  
  28  10:13  Pylon  
Tags
 
Composition
Roach Hydra
League
Diamond
Matchup
PvZ
Replay Pack
June 2025
Spawn Locations
Cross Positions
Add a new tag
Caveats
  • Supply blocks, unpowered buildings, or Contaminate may cause inaccurate times.
  • Supply counts are checked every 10 seconds.